 Dungeon Crawl Stone Soup version 0.22-a0-224-g8cf3520 (webtiles) character file.

3 Amnesiac the Charlatan (level 1, -1/9 HPs)
             Began as a Spriggan Artificer on Feb 20, 2018.
             Slain by a centaur skeleton (7 damage)
             ... on level 4 of the Dungeon.
             The game lasted 00:02:13 (372 turns).

Amnesiac the Charlatan (Spriggan Artificer)          Turns: 372, Time: 00:02:13

Health: -1/9       AC:  2    Str:  8    XL:     1   Next: 41%
Magic:  4/4        EV: 18    Int: 12    God:
Gold:   48         SH:  0    Dex: 16    Spells: 0/0 levels left

rFire    . . .     SeeInvis +   a - +0 short sword
rCold    . . .     Gourm    .   (shield restricted)
rNeg     . . .     Faith    .   b - +0 robe
rPois    .         Spirit   .   (helmet restricted)
rElec    .         Reflect  .   (no cloak)
rCorr    .         Harm     .   (gloves unavailable)
MR       .....                  (boots unavailable)
Stlth    ++........             (no amulet)
HPRegen  0.03/turn              (no ring)
MPRegen  0.09/turn              (no ring)

@: very quick
A: very small, unfitting armour, see invisible, herbivore, speed 3, slow
metabolism 2
a: no special abilities


You were on level 4 of the Dungeon.
You were not hungry.

You visited 2 branches of the dungeon, and saw 5 of its levels.

You collected 48 gold pieces.

Inventory:

Hand Weapons
 a - a +0 short sword (weapon)
Armour
 b - a +0 robe (worn)
Jewellery
 j - a cursed ring of loudness {unknown}
Wands
 c - a wand of flame (15)
 d - a wand of enslavement (13)
 e - a wand of random effects (15)
Scrolls
 h - a scroll of identify {!r, unknown}
 l - a scroll of teleportation {!r, unknown}
Potions
 g - a potion of magic {!q, unknown}
 i - 2 potions of curing {!q, unknown}
 k - a potion of degeneration {!q, unknown}
Comestibles
 f - 3 rations


   Skills:
 + Level 0.9 Fighting
 - Level 1.1 Short Blades
 - Level 3.0 Dodging
 - Level 1.5 Stealth
 * Level 4.2 Evocations


You couldn't memorise any spells.
You didn't know any spells.

Dungeon Overview and Level Annotations

Branches:
Dungeon (4/15)             Temple (1/1) D:4

Altars:
Elyvilon
Gozag
Nemelex Xobeh
Okawaru
Xom
Yredelemnul
The Shining One


Innate Abilities, Weirdness & Mutations

You are very small and have problems with some larger weapons.
You are too small for most types of armour.
You have supernaturally acute eyesight. (SInv)
You are a herbivore.
You cover ground extremely quickly.
You need consume almost no food.


Message History

There is an opulent altar of Gozag here.
You kneel at the altar of Gozag.
Gozag does not accept service from beggars like you!
The service fee for joining is currently 57 gold; you only have 41.
You kneel at the altar of Gozag.
Gozag does not accept service from beggars like you!
The service fee for joining is currently 57 gold; you only have 41.
There is a staircase back to the Dungeon here.
You climb upwards.
Welcome back to the Dungeon!
There is a staircase to the Ecumenical Temple here.
You open the door.
An ooze comes into view.
Found 31 stones.
Found a stone staircase leading down.
The ooze quivers.
There is an open door here.
You open the door.
There is an open door here.
The crimson imp laughs crazily.
The hound closely misses you.
There is an open door here.
There's a creature in the doorway!
The hound barks!
The hound stops to sniff the ground.
The leopard gecko hisses angrily.
The hound pauses to sniff the ground.
Found 12 bolts.
You see here 7 gold pieces.
You now have 48 gold pieces (gained 7).
The hound misses you. The quokka completely misses you.
The crimson imp shouts!
The hound misses you.
There is a stone staircase leading down here.
The hound misses you.
The crimson imp blinks!
Found a metallic blue potion.
The crimson imp disappears for a moment.
A hound skeleton comes into view.
Found 8 gold pieces.
Found an escape hatch in the floor.
You see here a metallic blue potion {!q}.
i - 2 metallic blue potions {!q} (gained 1)
A centaur skeleton comes into view.
Found 10 sling bullets.
The hound skeleton misses you.
Found a stone staircase leading down.
Found a stone staircase leading up.
A frilled lizard comes into view.
There is a stone staircase leading up here.
Found a scroll labeled GUBOSAO LIVEDGH.
l - a scroll labeled GUBOSAO LIVEDGH {!r}
There are no items here.
The centaur skeleton hits you.
Evoke which item? (* to show all) (? for menu, Esc to quit)
Aiming: Enslavement
Press: ? - help, Shift-Dir - straight line, f - leopard gecko
Aim: a leopard gecko (clinging, chance to defeat MR: 74%)
The leopard gecko struggles to resist.
The leopard gecko barely misses you. The centaur skeleton misses you.
Evoke which item? (* to show all) (? for menu, Esc to quit)
Aiming: Enslavement
Press: ? - help, Shift-Dir - straight line, f/p - leopard gecko
Aim: a leopard gecko (clinging, chance to defeat MR: 74%)
The leopard gecko is charmed.
The centaur skeleton hits you!
Ouch! That really hurt!
You die...

##.. #.##+#...# ..#
#.......(. ..#
#..>......
#...$.....
#.........
#.........
#h##.#....
#Z##.########
#.#....l@ZZ.#### #
#h#########.#..#
#.#.# #....#.#..#
#.h.####.##......#
##.....Z..#...##...#
#...##.###.### ####
##..##l....#
#...####### .....


You could see a hound skeleton, a centaur skeleton and a friendly leopard gecko.

Vanquished Creatures
  2 bats (D:2)
  A frilled lizard (D:4)
3 creatures vanquished.

Notes
Turn   | Place    | Note
-------+----------+-------------------------------------------
     0 | D:1      | Amnesiac the Spriggan Artificer began the quest for the Orb.
     0 | D:1      | Reached XP level 1. HP: 9/9 MP: 4/4
   138 | D:4      | Noticed a hound
   143 | D:4      | Noticed a hound
   155 | D:4      | Noticed a worker ant
   158 | D:4      | Noticed a crimson imp
   159 | D:4      | Noticed a crimson imp
   173 | D:4      | Noticed a hound
   189 | D:4      | Noticed a scorpion
   224 | D:4      | Found a staircase to the Ecumenical Temple.
   231 | Temple   | Entered the Ecumenical Temple
   372 | D:4      | Slain by a centaur skeleton

Vault maps used:
D:1:      minmay_arrival_open_corners, hex_medium
D:2:      minmay_goblin_outpost, uniq_robin
D:4:      marbit_many_paths, minmay_temple_entry_hall, first_ration,
          nicolae_ru_sacrificial_ziggurat
Temple:   eino_wide_crystal_templ

Action                   || total
-------------------------++-------
Melee: Short sword       ||     5
Evoke: Wand              ||     2
 Stab: Sleeping          ||     1
Armor: Robe              ||     1
Dodge: Dodged            ||    18

Table legend:
 A = Spawn XP
 B = Non-spawn XP
 C = Spawn XP percentage of total XP
 D = Spawn monster count
 E = Non-spawn monster count
 F = Spawn count percentage of total count
 G = Total turns spent on level
                    A         B        C        D         E        F      G
               +---------+---------+-------+---------+---------+-------+---------
         Total |       0 |       5 |   0.0 |       0 |       3 |   0.0 |   372
               +---------+---------+-------+---------+---------+-------+---------
           D:2 |       0 |       4 |   0.0 |       0 |       2 |   0.0 |    60
           D:4 |       0 |       1 |   0.0 |       0 |       1 |   0.0 |   213
               +---------+---------+-------+---------+---------+-------+---------
